| TOP OF THE 1ST |
|
Chicago (APP) Cubs batting - Pitching for Ogden Raptors : RHP Drew Manderfield
|
|
Pitching: RHP Drew Manderfield
|
|
|
Batting: SHB Jim Lloyd
|
0-0: Foul Ball, location: 2F 0-1: Foul Ball, location: 2F 0-2: Ball 1-2: Ball 2-2: Foul Ball, location: 2F 2-2: Strikes out swinging
|
|
Batting: RHB Andy Villarreal
|
0-0: Ball 1-0: Called Strike 1-1: Ball 2-1: Ground out 4-3 (Groundball, 4, EV 83.1 MPH)
|
|
Batting: LHB Jose Mafano
|
0-0: DOUBLE (Line Drive, 89M, EV 95.6 MPH)
|
|
Batting: RHB Andy Baumhardt
|
0-0: Called Strike 0-1: SINGLE (Groundball, 56D, EV 98.1 MPH) Jose Mafano to third Runner from 3rd tries for Home, SAFE, throw by LF to home Andy Baumhardt to second
|
|
Batting: RHB Jorge Gonzalez
|
0-0: Called Strike 0-1: Called Strike 0-2: Ball 1-2: Strikes out looking
|
| Top of the 1st over - 1 run, 2 hits, 0 errors, 1 left on base; Chicago (APP) 1 - Ogden 0 |
| BOTTOM OF THE 1ST |
|
Ogden Raptors batting - Pitching for Chicago (APP) Cubs : RHP Luis Solis
|
|
Pitching: RHP Luis Solis
|
|
|
Batting: SHB Javy Franco
|
0-0: Foul Ball, location: 2F 0-1: Ball 1-1: Swinging Strike 1-2: Ball 2-2: Foul Ball, location: 2F 2-2: Foul Ball, location: 2F 2-2: Foul Ball, location: 2F 2-2: Foul Ball, location: 2F 2-2: Ball 3-2: Fly out, F8 (Flyball, 8RS, EV 77.5 MPH)
|
|
Batting: SHB Alex Noval
|
0-0: Ball 1-0: Swinging Strike 1-1: Swinging Strike 1-2: Strikes out looking
|
|
Batting: RHB Adam Maczko
|
0-0: Ball 1-0: Foul Ball, location: 2F 1-1: Called Strike 1-2: Ball 2-2: Reached on error, E4 (Groundball, 4, EV 83.1 MPH)
|
|
Pitching: RHP Mike Reusch
|
|
|
Batting: LHB Pedro Garza
|
0-0: Ball 1-0: Foul Ball, location: 2F 1-1: Ball Passed Ball! Adam Maczko to second 2-1: SINGLE (Flyball, 56D, EV 90.6 MPH) Adam Maczko to third Runner from 3rd tries for Home, SAFE, throw by LF to home Pedro Garza to second
|
|
Batting: RHB Juan Gallegos
|
0-0: Ball Passed Ball! Pedro Garza to third 1-0: Ball Passed Ball! Pedro Garza scores 2-0: Ball 3-0: Called Strike 3-1: Called Strike 3-2: Base on Balls
|
|
Batting: LHB Fernão Manta
|
0-0: Ball 1-0: Ball Passed Ball! Juan Gallegos to second 2-0: Swinging Strike 2-1: 2-RUN HOME RUN (Flyball, 9D, EV 100.6 MPH), Distance : 389 ft
|
|
Batting: RHB Brad Brady
|
0-0: Called Strike 0-1: Ball 1-1: Ball 2-1: Foul Ball, location: 2F 2-2: SINGLE (Line Drive, 6D, EV 100.0 MPH)
|
|
Pitching: RHP Man-keung Li
|
|
|
Batting: SHB Jesus Gomez
|
0-0: Ball 1-0: Ball Passed Ball! Brad Brady to second 2-0: Ball Wild Pitch! Brad Brady to third 3-0: Called Strike 3-1: Called Strike 3-2: Foul Ball, location: 2F 3-2: Base on Balls
|
|
Batting: RHB Will Barksdale
|
0-0: Ball 1-0: Ball 2-0: Ball 3-0: Called Strike 3-1: Ground out 4-3 (Groundball, 4, EV 97.5 MPH)
|
| Bottom of the 1st over - 4 runs, 3 hits, 1 error, 2 left on base; Chicago (APP) 1 - Ogden 4 |
| TOP OF THE 2ND |
|
Chicago (APP) Cubs batting - Pitching for Ogden Raptors : RHP Drew Manderfield
|
|
Batting: RHB Lencho Otieno
|
0-0: Ball 1-0: Ground out 6-3 (Groundball, 6, EV 89.4 MPH)
|
|
Batting: SHB Rob Craft
|
0-0: Ball 1-0: Ball 2-0: Foul Ball, location: 2F 2-1: Swinging Strike 2-2: Ball 3-2: Strikes out swinging
|
|
Batting: SHB Joshua Vincent
|
0-0: Called Strike 0-1: Ground out U3 (Groundball, 3, EV 106.2 MPH)
|
| Top of the 2nd over - 0 runs, 0 hits, 0 errors, 0 left on base; Chicago (APP) 1 - Ogden 4 |
| BOTTOM OF THE 2ND |
|
Ogden Raptors batting - Pitching for Chicago (APP) Cubs : RHP Man-keung Li
|
|
Batting: SHB Javy Franco
|
0-0: Ball 1-0: Ball 2-0: Ball 3-0: Base on Balls
|
|
Batting: SHB Alex Noval
|
0-0: Foul Ball, location: 2F 0-1: Called Strike Javy Franco is caught stealing 2nd base 2-6 0-2: Ball 1-2: SOLO HOME RUN (Flyball, 9LD, EV 96.2 MPH), Distance : 371 ft
|
|
Batting: RHB Adam Maczko
|
0-0: Ball 1-0: Ball 2-0: Ball 3-0: Base on Balls
|
|
Batting: LHB Pedro Garza
|
0-0: Ball 1-0: Foul Ball, location: 2F 1-1: Foul Ball, location: 2F 1-2: 2-RUN HOME RUN (Flyball, 8RXD, EV 113.1 MPH), Distance : 448 ft
|
|
Batting: RHB Juan Gallegos
|
0-0: Called Strike 0-1: Called Strike 0-2: Foul Ball, location: 2F 0-2: Ball 1-2: Ball 2-2: Foul Ball, location: 2F 2-2: Ball 3-2: Base on Balls
|
|
Batting: LHB Fernão Manta
|
0-0: Called Strike 0-1: Grounds into double play, 6-4-3 (Groundball, 6, EV 88.8 MPH)
|
| Bottom of the 2nd over - 3 runs, 2 hits, 0 errors, 0 left on base; Chicago (APP) 1 - Ogden 7 |
| TOP OF THE 3RD |
|
Chicago (APP) Cubs batting - Pitching for Ogden Raptors : RHP Drew Manderfield
|
|
Batting: LHB Eddie Panagos
|
0-0: Called Strike 0-1: Foul Ball, location: 2F 0-2: Strikes out swinging
|
|
Batting: SHB Jim Lloyd
|
0-0: Called Strike 0-1: Ball 1-1: Called Strike 1-2: Ball 2-2: Ball 3-2: Strikes out swinging passed ball, reaches first!
|
|
Batting: RHB Andy Villarreal
|
0-0: Hit by Pitch Jim Lloyd to second
|
|
Batting: LHB Jose Mafano
|
0-0: Ball 1-0: Called Strike 1-1: Called Strike 1-2: Strikes out swinging
|
|
Batting: RHB Andy Baumhardt
|
0-0: Called Strike 0-1: Called Strike 0-2: Strikes out looking
|
| Top of the 3rd over - 0 runs, 0 hits, 0 errors, 2 left on base; Chicago (APP) 1 - Ogden 7 |
| BOTTOM OF THE 3RD |
|
Ogden Raptors batting - Pitching for Chicago (APP) Cubs : RHP Man-keung Li
|
|
Batting: RHB Brad Brady
|
0-0: Foul Ball, location: 2F 0-1: SINGLE (Groundball, 56S, EV 68.8 MPH) (infield hit)
|
|
Batting: SHB Jesus Gomez
|
0-0: Ball 1-0: Ball Passed Ball! Brad Brady to second 2-0: Called Strike 2-1: Foul Ball, location: 2F 2-2: Strikes out swinging
|
|
Batting: RHB Will Barksdale
|
0-0: Called Strike 0-1: Ball 1-1: Ball 2-1: Ball 3-1: Foul Ball, location: 2F 3-2: Foul Ball, location: 2F 3-2: Base on Balls
|
|
Batting: SHB Javy Franco
|
0-0: Ball 1-0: 3-RUN HOME RUN (Flyball, 7LD, EV 95.6 MPH), Distance : 369 ft
|
|
Batting: SHB Alex Noval
|
0-0: Called Strike 0-1: Foul Ball, location: 2F 0-2: Ball 1-2: Ball 2-2: Ball 3-2: Base on Balls
|
|
Batting: RHB Adam Maczko
|
0-0: 2-RUN HOME RUN (Flyball, 89XD, EV 104.4 MPH), Distance : 420 ft
|
|
Pitching: RHP Masato Iwase
|
|
|
Batting: LHB Pedro Garza
|
0-0: Ball 1-0: Ball 2-0: Called Strike 2-1: Called Strike 2-2: SOLO HOME RUN (Line Drive, 89XD, EV 110.0 MPH), Distance : 428 ft
|
|
Batting: RHB Juan Gallegos
|
0-0: Ball 1-0: Ball 2-0: Foul Ball, location: 2F 2-1: Foul Ball, location: 2F 2-2: Ball 3-2: Foul Ball, location: 2F 3-2: Base on Balls
|
|
Batting: LHB Fernão Manta
|
0-0: Ball Passed Ball! Juan Gallegos to second 1-0: Called Strike 1-1: Ball Wild Pitch! Juan Gallegos to third 2-1: Called Strike 2-2: Ground out 4-3 (Groundball, 4, EV 106.9 MPH) Juan Gallegos scores
|
|
Batting: RHB Brad Brady
|
0-0: Ball 1-0: Ball 2-0: Called Strike 2-1: Ball 3-1: Ground out 4-3 (Groundball, 34, EV 91.9 MPH)
|
| Bottom of the 3rd over - 7 runs, 4 hits, 0 errors, 0 left on base; Chicago (APP) 1 - Ogden 14 |
| TOP OF THE 4TH |
|
Chicago (APP) Cubs batting - Pitching for Ogden Raptors : RHP Drew Manderfield
|
|
Batting: RHB Jorge Gonzalez
|
0-0: Called Strike 0-1: Swinging Strike 0-2: Ball 1-2: Ball 2-2: Strikes out looking
|
|
Batting: RHB Lencho Otieno
|
0-0: Ball 1-0: Ball 2-0: Ball 3-0: Called Strike 3-1: Foul Ball, location: 2F 3-2: Strikes out swinging
|
|
Batting: SHB Rob Craft
|
0-0: Called Strike 0-1: Ball 1-1: Ball 2-1: Foul Ball, location: 2F 2-2: Ball 3-2: Foul Ball, location: 2F 3-2: Strikes out swinging
|
| Top of the 4th over - 0 runs, 0 hits, 0 errors, 0 left on base; Chicago (APP) 1 - Ogden 14 |
| BOTTOM OF THE 4TH |
|
Ogden Raptors batting - Pitching for Chicago (APP) Cubs : RHP Masato Iwase
|
|
Pitching: RHP Bobby Almonte
|
|
|
Batting: SHB Jesus Gomez
|
0-0: Called Strike 0-1: Ball 1-1: Swinging Strike 1-2: Ball 2-2: SOLO HOME RUN (Flyball, 89XD, EV 107.5 MPH), Distance : 414 ft
|
|
Batting: RHB Will Barksdale
|
0-0: Ball 1-0: Ball 2-0: Ground out 5-3 (Groundball, 5, EV 81.2 MPH)
|
|
Batting: SHB Javy Franco
|
0-0: Called Strike 0-1: Ball 1-1: Called Strike 1-2: Ball 2-2: Ball 3-2: Foul Ball, location: 2F 3-2: Foul Ball, location: 2F 3-2: DOUBLE (Flyball, 89D, EV 91.9 MPH) - OUT at third base trying to stretch hit.
|
|
Batting: SHB Alex Noval
|
0-0: Ball 1-0: Ball 2-0: Called Strike 2-1: Ball 3-1: Base on Balls
|
|
Batting: RHB Adam Maczko
|
0-0: Called Strike 0-1: SINGLE (Flyball, 9LS, EV 91.9 MPH) Alex Noval to second
|
|
Batting: LHB Pedro Garza
|
0-0: Foul Ball, location: 2F 0-1: Ball Wild Pitch! Alex Noval to third Adam Maczko to second 1-1: Foul Ball, location: 2F 1-2: Ball 2-2: Strikes out looking
|
| Bottom of the 4th over - 1 run, 3 hits, 0 errors, 2 left on base; Chicago (APP) 1 - Ogden 15 |
| TOP OF THE 5TH |
|
Chicago (APP) Cubs batting - Pitching for Ogden Raptors : RHP Drew Manderfield
|
|
Batting: SHB Joshua Vincent
|
0-0: Ball 1-0: SINGLE (Groundball, 34D, EV 95.6 MPH)
|
|
Batting: LHB Eddie Panagos
|
0-0: Sac Bunt to 15 - play at first, batter OUT! 1-3 Joshua Vincent to second
|
|
Batting: SHB Jim Lloyd
|
0-0: Ground out U3 (Groundball, 13, EV 88.1 MPH) Joshua Vincent to third
|
|
Batting: RHB Andy Villarreal
|
0-0: Ball 1-0: Swinging Strike 1-1: Swinging Strike 1-2: Strikes out swinging
|
| Top of the 5th over - 0 runs, 1 hit, 0 errors, 1 left on base; Chicago (APP) 1 - Ogden 15 |
| BOTTOM OF THE 5TH |
|
Ogden Raptors batting - Pitching for Chicago (APP) Cubs : RHP Bobby Almonte
|
|
Batting: RHB Juan Gallegos
|
0-0: Ball 1-0: Called Strike 1-1: Ball 2-1: SINGLE (Groundball, 56D, EV 102.5 MPH)
|
|
Batting: LHB Fernão Manta
|
0-0: Ball Passed Ball! Juan Gallegos to second 1-0: Foul Ball, location: 2F 1-1: Foul Ball, location: 2F 1-2: 2-RUN HOME RUN (Flyball, 9LD, EV 101.2 MPH), Distance : 375 ft
|
|
Batting: RHB Brad Brady
|
0-0: Ball 1-0: Called Strike 1-1: Ground out 6-3 (Groundball, 6, EV 85.0 MPH)
|
|
Batting: SHB Jesus Gomez
|
0-0: Called Strike 0-1: Foul Ball, location: 2F 0-2: Strikes out swinging
|
|
Batting: RHB Will Barksdale
|
0-0: Swinging Strike 0-1: Ball 1-1: Fly out, F3 (Popup, 3F, EV 58.8 MPH)
|
| Bottom of the 5th over - 2 runs, 2 hits, 0 errors, 0 left on base; Chicago (APP) 1 - Ogden 17 |
| TOP OF THE 6TH |
|
Chicago (APP) Cubs batting - Pitching for Ogden Raptors : RHP Drew Manderfield
|
|
Batting: LHB Jose Mafano
|
0-0: Ground out 4-3 (Groundball, 4, EV 81.2 MPH)
|
|
Batting: RHB Andy Baumhardt
|
0-0: Ball 1-0: Ball 2-0: Ball 3-0: Base on Balls
|
|
Batting: RHB Jorge Gonzalez
|
0-0: Swinging Strike 0-1: Ball 1-1: Swinging Strike 1-2: Strikes out swinging
|
|
Batting: RHB Lencho Otieno
|
0-0: Fly out, F7 (Flyball, 7D, EV 91.9 MPH)
|
| Top of the 6th over - 0 runs, 0 hits, 0 errors, 1 left on base; Chicago (APP) 1 - Ogden 17 |
| BOTTOM OF THE 6TH |
|
Ogden Raptors batting - Pitching for Chicago (APP) Cubs : RHP Bobby Almonte
|
|
Batting: SHB Javy Franco
|
0-0: Called Strike 0-1: SINGLE (Groundball, 34D, EV 101.9 MPH)
|
|
Batting: SHB Alex Noval
|
0-0: Ball 1-0: Fielders Choice at 2nd, 3-6 (Groundball, 3, EV 101.9 MPH)
|
|
Batting: RHB Adam Maczko
|
0-0: Foul Ball, location: 2F 0-1: Foul Ball, location: 2F 0-2: Fielders Choice at 2nd, 5-4 (Groundball, 56, EV 101.2 MPH)
|
|
Batting: LHB Pedro Garza
|
0-0: Ball 1-0: Ball 2-0: Ball 3-0: Called Strike 3-1: Foul Ball, location: 2F 3-2: Base on Balls Adam Maczko to second
|
|
Batting: RHB Juan Gallegos
|
0-0: Ball Wild Pitch! Adam Maczko to third Pedro Garza to second 1-0: Ball 2-0: Ball 3-0: Called Strike 3-1: Base on Balls
|
|
Batting: LHB Fernão Manta
|
0-0: Ball 1-0: Ball 2-0: Called Strike 2-1: Swinging Strike 2-2: Ball Passed Ball! Adam Maczko scores Pedro Garza to third Juan Gallegos to second 3-2: 3-RUN HOME RUN (Line Drive, 89XD, EV 105.0 MPH), Distance : 432 ft
|
|
Batting: RHB Brad Brady
|
0-0: Foul Ball, location: 2F 0-1: SOLO HOME RUN (Flyball, 7D, EV 97.5 MPH), Distance : 386 ft
|
|
Batting: SHB Jesus Gomez
|
0-0: Ball 1-0: Ball 2-0: Ball 3-0: Base on Balls
|
|
Batting: RHB Will Barksdale
|
0-0: SINGLE (Groundball, 56D, EV 104.4 MPH) Jesus Gomez to second
|
|
Batting: SHB Javy Franco
|
0-0: 3-RUN HOME RUN (Flyball, 9D, EV 96.2 MPH), Distance : 373 ft
|
|
Batting: SHB Alex Noval
|
0-0: SINGLE (Line Drive, 8LS, EV 93.1 MPH)
|
|
Batting: RHB Adam Maczko
|
0-0: Ball 1-0: Ball 2-0: Ball 3-0: Base on Balls Alex Noval to second
|
|
Batting: LHB Pedro Garza
|
0-0: Foul Ball, location: 2F 0-1: Swinging Strike Passed Ball! Alex Noval to third Adam Maczko to second 0-2: Hit by Pitch
|
|
Batting: RHB Juan Gallegos
|
0-0: GRAND SLAM HOME RUN (Flyball, 9LD, EV 96.2 MPH), Distance : 366 ft
|
|
Batting: LHB Fernão Manta
|
0-0: SINGLE (Groundball, 56S, EV 75.6 MPH) (infield hit)
|
|
Batting: RHB Brad Brady
|
0-0: DOUBLE (Flyball, 89D, EV 90.0 MPH) Fernão Manta to third Runner from 3rd tries for Home, SAFE, throw by RF to home
|
|
Batting: SHB Jesus Gomez
|
0-0: Ball 1-0: Ground out U3 (Groundball, 3, EV 85.6 MPH)
|
| Bottom of the 6th over - 13 runs, 9 hits, 0 errors, 1 left on base; Chicago (APP) 1 - Ogden 30 |
| TOP OF THE 7TH |
|
Chicago (APP) Cubs batting - Pitching for Ogden Raptors : RHP Drew Manderfield
|
|
Batting: SHB Rob Craft
|
0-0: Foul Ball, location: 2F 0-1: Called Strike 0-2: Ball 1-2: Strikes out swinging
|
|
Pitching: LHP Brian Gardner
|
|
|
Batting: SHB Joshua Vincent
|
0-0: Ball 1-0: Ball 2-0: Ball 3-0: Foul Ball, location: 2F 3-1: Called Strike 3-2: Strikes out looking
|
|
Batting: LHB Eddie Panagos
|
0-0: Called Strike 0-1: Called Strike 0-2: Strikes out swinging
|
| Top of the 7th over - 0 runs, 0 hits, 0 errors, 0 left on base; Chicago (APP) 1 - Ogden 30 |
| BOTTOM OF THE 7TH |
|
Ogden Raptors batting - Pitching for Chicago (APP) Cubs : RHP Bobby Almonte
|
|
Batting: RHB Will Barksdale
|
0-0: Ground out 6-3 (Groundball, 6, EV 92.5 MPH)
|
|
Batting: SHB Javy Franco
|
0-0: Ball 1-0: Foul Ball, location: 2F 1-1: Fly out, F7 (Flyball, 7D, EV 99.4 MPH)
|
|
Batting: SHB Alex Noval
|
0-0: DOUBLE (Groundball, 5L, EV 104.4 MPH)
|
|
Pinch Hitting: LHB Antonio Sandoval
|
0-0: Ground out U3 (Groundball, 34S, EV 83.8 MPH)
|
| Bottom of the 7th over - 0 runs, 1 hit, 0 errors, 1 left on base; Chicago (APP) 1 - Ogden 30 |
| TOP OF THE 8TH |
|
Chicago (APP) Cubs batting - Pitching for Ogden Raptors : LHP Brian Gardner
|
|
Now at 1B: David Watkins
|
|
|
Batting: SHB Jim Lloyd
|
0-0: Ball 1-0: Ball 2-0: Foul Ball, location: 2F 2-1: Ball 3-1: Ground out 3-1 (Groundball, 34S, EV 86.2 MPH)
|
|
Batting: RHB Andy Villarreal
|
0-0: Called Strike 0-1: Foul Ball, location: 2F 0-2: Ball 1-2: Ground out 6-3 (Groundball, 6, EV 83.1 MPH)
|
|
Batting: LHB Jose Mafano
|
0-0: Called Strike 0-1: Foul Ball, location: 2F 0-2: Ball 1-2: Strikes out swinging
|
| Top of the 8th over - 0 runs, 0 hits, 0 errors, 0 left on base; Chicago (APP) 1 - Ogden 30 |
| BOTTOM OF THE 8TH |
|
Ogden Raptors batting - Pitching for Chicago (APP) Cubs : RHP Bobby Almonte
|
|
Batting: LHB Pedro Garza
|
0-0: Called Strike 0-1: Ball 1-1: Foul Ball, location: 2F 1-2: Ball 2-2: Ball 3-2: Fly out, F7 (Flyball, 78M, EV 91.2 MPH)
|
|
Batting: RHB Juan Gallegos
|
0-0: Called Strike 0-1: Ground out 5-3 (Groundball, 56S, EV 78.8 MPH)
|
|
Batting: LHB Fernão Manta
|
0-0: DOUBLE (Line Drive, 9LM, EV 102.5 MPH)
|
|
Batting: RHB Brad Brady
|
0-0: Called Strike 0-1: Ball 1-1: Ball Wild Pitch! Fernão Manta to third 2-1: Ball 3-1: Base on Balls
|
|
Batting: SHB Jesus Gomez
|
0-0: 3-RUN HOME RUN (Flyball, 9D, EV 98.8 MPH), Distance : 381 ft
|
|
Batting: RHB Will Barksdale
|
0-0: Fly out, F9 (Flyball, 89M, EV 91.9 MPH)
|
| Bottom of the 8th over - 3 runs, 2 hits, 0 errors, 0 left on base; Chicago (APP) 1 - Ogden 33 |
| TOP OF THE 9TH |
|
Chicago (APP) Cubs batting - Pitching for Ogden Raptors : LHP Brian Gardner
|
|
Batting: RHB Andy Baumhardt
|
0-0: Swinging Strike 0-1: Foul Ball, location: 2F 0-2: Ball 1-2: Ball 2-2: Ball 3-2: Strikes out looking
|
|
Batting: RHB Jorge Gonzalez
|
0-0: Called Strike 0-1: Ball 1-1: Swinging Strike 1-2: Ball 2-2: Strikes out swinging
|
|
Batting: RHB Lencho Otieno
|
0-0: Called Strike 0-1: Fly out, F4 (Popup, 4D, EV 73.8 MPH)
|
| Top of the 9th over - 0 runs, 0 hits, 0 errors, 0 left on base; Chicago (APP) 1 - Ogden 33 |
|